[Event "WJCC U20 Girls 2019"]
[Site "New Delhi"]
[Date "2019.10.17"]
[Round "3.46"]
[White "Abdala Cancino, Patricia Anastas"]
[Black "Figueroa Bernal, Julia Dennis"]
[Result "1-0"]
[ECO "B20"]
[WhiteElo "1608"]
[BlackElo "1777"]
[Annotator "NA"]
[PlyCount "115"]
[EventDate "2019.10.15"]
[EventType "swiss"]
[EventCountry "IND"]
[SourceTitle "playchess.com"]
[Source "ChessBase"]
[SourceQuality "1"]
[TimeControl "40/5400+30:1800+30"]

1. e4 c5 2. d3 e6 3. c3 d5 4. Nd2 Nc6 5. Ngf3 Nf6 6. Qe2 Be7 7. g3 b6 8. Bg2 Bb7 9. O-O Qc7 10. Re1 h6 11. Nf1 g5 12. h4 gxh4 13. Nxh4 O-O-O 14. Nh2 Ba6 15. e5 Nd7 16. N2f3 Rdg8 17. Bf4 Rg7 18. Qe3 Bg5 19. d4 Qd8 20. Rac1 c4 21. Kh2 Ne7 22. Nxg5 Nf5 23. Nxe6 Nxe3 24. Nxd8 Nxg2 25. Kxg2 Kxd8 26. Nf5 Rg6 27. Rh1 h5 28. Rh2 Nf8 29. Rch1 Ne6 30. Bc1 Ng7 31. Nxg7 Rxg7 32. Rxh5 Rhg8 33. Rh8 Bc8 34. Rxg8+ Rxg8 35. Rh5 b5 36. Bg5+ Ke8 37. Bf6 Bg4 38. Rg5 Rxg5 39. Bxg5 Bd1 40. Kh3 Kf8 41. Bf6 Kg8 42. Kh4 Kh7 43. f4 Kg6 44. g4 Bc2 45. f5+ Kh7 46. Kg5 Kg8 47. e6 fxe6 48. fxe6 Kf8 49. Kf4 Ke8 50. Ke5 Be4 51. Bh4 Bf3 52. g5 Be4 53. Kf6 Bh7 54. g6 Bg8 55. Ke5 a6 56. Bf6 Kf8 57. Kxd5 Ke8 58. Ke5 1-0

[Event "WJCC U20 Girls 2019"]
[Site "New Delhi"]
[Date "2019.10.17"]
[Round "3.47"]
[White "Djuric, Anja"]
[Black "Rathi Dhanashree"]
[Result "1-0"]
[ECO "B22"]
[WhiteElo "1493"]
[BlackElo "1692"]
[Annotator "NA"]
[PlyCount "103"]
[EventDate "2019.10.15"]
[EventType "swiss"]
[EventCountry "IND"]
[SourceTitle "playchess.com"]
[Source "ChessBase"]
[SourceQuality "1"]
[TimeControl "40/5400+30:1800+30"]

1. e4 c5 2. c3 Nf6 3. e5 Nd5 4. Bc4 Qc7 5. Nf3 Nb6 6. Bb3 c4 7. Bc2 Nc6 8. Qe2 e6 9. O-O a6 10. Re1 d5 11. exd6 Bxd6 12. d3 cxd3 13. Qxd3 Ne5 14. Nxe5 Bxe5 15. h3 Bd7 16. Be3 Nd5 17. Bd4 Bf6 18. Bxf6 Nxf6 19. Nd2 Bc6 20. Nf3 Rd8 21. Qe3 O-O 22. Rad1 Nd5 23. Qe4 g6 24. Qh4 Kg7 25. Ng5 h6 26. Ne4 Qf4 27. Qxf4 Nxf4 28. Kh2 Rxd1 29. Rxd1 f5 30. Nc5 Rc8 31. g3 Bd5 32. Nxb7 Bxb7 33. gxf4 Bd5 34. a3 Rc4 35. Kg3 h5 36. Rd4 Rxd4 37. cxd4 a5 38. b4 axb4 39. axb4 Kf6 40. b5 Ke7 41. Kh4 Bg2 42. Ba4 Kd8 43. b6 Kc8 44. Be8 Kb7 45. Bxg6 Kxb6 46. Bxh5 Kb5 47. Kg3 Bd5 48. Bf7 Kc4 49. h4 Kxd4 50. h5 Be4 51. h6 e5 52. h7 1-0

[Event "WJCC U20 Girls 2019"]
[Site "New Delhi"]
[Date "2019.10.17"]
[Round "4.3"]
[White "Shuvalova, Polina"]
[Black "Alinasab, Mobina"]
[Result "1/2-1/2"]
[ECO "B52"]
[WhiteElo "2412"]
[BlackElo "2239"]
[Annotator "NA"]
[PlyCount "69"]
[EventDate "2019.10.15"]
[EventType "swiss"]
[EventCountry "IND"]
[SourceTitle "playchess.com"]
[Source "ChessBase"]
[SourceQuality "1"]
[TimeControl "40/5400+30:1800+30"]

1. e4 c5 2. Nf3 d6 3. Bb5+ Bd7 4. Bxd7+ Qxd7 5. c4 e5 6. d3 Nc6 7. Nc3 g6 8. h4 h5 9. Bg5 Bg7 10. Nd5 Nce7 11. Nxe7 Nxe7 12. Nd2 Nc6 (12... f6 $5 13. Be3 $8 Kf7 $11) 13. Nb1 $11 Qg4 14. O-O Qxd1 15. Rxd1 Nd4 16. Nc3 f6 17. Bd2 Bh6 18. Bxh6 Rxh6 19. f4 exf4 20. Nd5 Kf7 21. Nxf4 g5 22. Nd5 gxh4 23. Kh2 Rg8 24. Rd2 Rg3 25. Rf1 Nc6 26. Rf4 Ne5 27. Rxh4 Rxd3 28. Rxd3 Nxd3 29. b3 Ne5 30. Rf4 Ke6 31. Nc7+ Kd7 32. Nd5 Ke6 33. Nc7+ Kd7 34. Nd5 Ke6 35. Nc7+ 1/2-1/2

[Event "WJCC U20 Girls 2019"]
[Site "New Delhi"]
[Date "2019.10.17"]
[Round "4.4"]
[White "Solozhenkina, Elizaveta"]
[Black "Vaishali R"]
[Result "1/2-1/2"]
[ECO "B69"]
[WhiteElo "2283"]
[BlackElo "2385"]
[Annotator "NA"]
[PlyCount "88"]
[EventDate "2019.10.15"]
[EventType "swiss"]
[EventCountry "IND"]
[SourceTitle "playchess.com"]
[Source "ChessBase"]
[SourceQuality "1"]
[TimeControl "40/5400+30:1800+30"]

1. e4 c5 2. Nf3 d6 3. d4 cxd4 4. Nxd4 Nf6 5. Nc3 Nc6 6. Bg5 e6 7. Qd2 a6 8. O-O-O Be7 9. f4 Bd7 10. Nf3 b5 11. Bxf6 gxf6 12. Kb1 Qb6 13. f5 O-O-O 14. g3 Kb8 15. fxe6 fxe6 16. Bh3 Rhe8 17. Qh6 Bc8 18. Rhe1 Qc5 19. Ne2 d5 20. exd5 Rxd5 21. Qxh7 f5 22. Qg6 Red8 23. Rxd5 Qxd5 24. Bg2 Ne5 25. Nxe5 Qxe5 26. Qh5 Bf6 27. c3 Qe3 28. Qf3 Qxf3 29. Bxf3 e5 30. Kc2 Rh8 31. h4 e4 32. Bg2 Rg8 33. Bh3 Be6 34. Rf1 Bc4 35. Kd1 Rd8+ 36. Ke1 e3 37. Rf3 Rd2 38. Rxe3 Rxb2 39. Bxf5 Rxa2 40. Be6 Rxe2+ 41. Rxe2 Bxc3+ 42. Kd1 Bxe2+ 43. Kxe2 Kc7 44. g4 Kd6 1/2-1/2

[Event "WJCC U20 Girls 2019"]
[Site "New Delhi"]
[Date "2019.10.17"]
[Round "4.5"]
[White "Assaubayeva, Bibisara"]
[Black "Protopopova, Anastasiya"]
[Result "1-0"]
[ECO "D12"]
[WhiteElo "2381"]
[BlackElo "2263"]
[Annotator "NA"]
[PlyCount "96"]
[EventDate "2019.10.15"]
[EventType "swiss"]
[EventCountry "IND"]
[SourceTitle "playchess.com"]
[Source "ChessBase"]
[SourceQuality "1"]
[TimeControl "40/5400+30:1800+30"]

1. d4 d5 2. c4 c6 3. Nf3 Nf6 4. e3 Bf5 5. Nc3 e6 6. Nh4 Be4 7. f3 Bg6 8. Qb3 Qc7 9. Bd2 Nbd7 10. cxd5 exd5 11. Nxg6 hxg6 12. O-O-O O-O-O 13. e4 dxe4 14. fxe4 Nb6 15. Bg5 Rh5 16. h4 Rxg5 17. hxg5 Ng4 18. Rd2 Qf4 19. Be2 Be7 20. Rf1 Qxg5 21. Qxf7 Ne3 22. Qe6+ Kb8 23. Rf7 Bd6 24. Kb1 Nxg2 25. Rd1 Ne3 26. Rc1 Bb4 27. Rxg7 Rxd4 28. Rxg6 Qe7 29. Rg8+ Rd8 30. Qg6 Nec4 31. Bxc4 Nxc4 32. Rd1 Rf8 33. Qg3+ Bd6 34. Rxf8+ Qxf8 35. Qd3 b5 36. b3 Na3+ 37. Kb2 Be5 38. Qd8+ Qxd8 39. Rxd8+ Kc7 40. Re8 Bd4 41. Kxa3 Bxc3 42. Re7+ Kb6 43. b4 a5 44. bxa5+ Bxa5 45. e5 Kc5 46. e6 Kc4 47. Kb2 Bc3+ 48. Kc2 Kd5 1-0

[Event "WJCC U20 Girls 2019"]
[Site "New Delhi"]
[Date "2019.10.17"]
[Round "4.6"]
[White "Vantika Agrawal"]
[Black "Divya Deshmukh"]
[Result "1/2-1/2"]
[ECO "E06"]
[WhiteElo "2283"]
[BlackElo "2358"]
[Annotator "NA"]
[PlyCount "98"]
[EventDate "2019.10.15"]
[EventType "swiss"]
[EventCountry "IND"]
[SourceTitle "playchess.com"]
[Source "ChessBase"]
[SourceQuality "1"]
[TimeControl "40/5400+30:1800+30"]

1. d4 Nf6 2. c4 e6 3. g3 d5 4. Bg2 Be7 5. Nf3 O-O 6. O-O dxc4 7. Qc2 c6 8. Qxc4 b5 9. Qc2 Bb7 10. Rd1 Nbd7 11. Ne5 Nxe5 12. dxe5 Nd5 13. Nc3 Qb6 14. Nxd5 cxd5 15. Be3 Qa5 16. Bd2 Qb6 17. Be3 Qa5 18. Bd2 Qa6 19. Qb3 Bc5 20. e3 Qb6 21. a4 bxa4 22. Qxa4 Rfc8 23. Ba5 Qc6 24. Qxc6 Bxc6 25. Bf1 a6 26. Bc3 Bb5 27. Bg2 Rd8 28. Rdc1 Bb6 29. Bf1 h6 30. Ra3 Rab8 31. Bxb5 axb5 32. Rb3 d4 33. exd4 Bxd4 34. Bxd4 Rxd4 35. Rc7 Re4 36. Rf3 Rf8 37. Rc5 Rb4 38. b3 Kh7 39. Kg2 Kg6 40. h4 h5 41. Kf1 Ra8 42. Rc7 f6 43. Re3 Ra3 44. exf6 gxf6 45. Rxe6 Raxb3 46. Kg2 Rc4 47. Rb7 Rc5 48. Rbb6 Rf5 49. f4 Rb1 1/2-1/2

[Event "WJCC U20 Girls 2019"]
[Site "New Delhi"]
[Date "2019.10.17"]
[Round "4.8"]
[White "Rakshitta Ravi"]
[Black "Toshali, V."]
[Result "1-0"]
[ECO "A06"]
[WhiteElo "2310"]
[BlackElo "1868"]
[Annotator "NA"]
[PlyCount "57"]
[EventDate "2019.10.15"]
[EventType "swiss"]
[EventCountry "IND"]
[SourceTitle "playchess.com"]
[Source "ChessBase"]
[SourceQuality "1"]
[TimeControl "40/5400+30:1800+30"]

1. Nf3 d5 2. g3 c6 3. Bg2 Bg4 4. O-O e6 5. d3 Nf6 6. h3 Bh5 7. Qe1 Be7 8. e4 dxe4 9. dxe4 Nbd7 10. b3 O-O 11. Bb2 a5 12. a3 Qc7 13. Nbd2 Rfd8 14. Nh2 Bg6 15. f4 h6 16. Nhf3 Bh7 17. Kh1 Nc5 18. Ne5 Ne8 19. Qe3 Na6 20. Qe2 Bf6 21. Bf3 Nc5 22. Rad1 Nd6 23. Bd4 Nd7 24. Ba1 Bxe5 25. fxe5 Ne8 26. Nc4 Nf8 27. Qf2 Qe7 28. Bd4 Bg6 29. Bc5 1-0

[Event "WJCC U20 Girls 2019"]
[Site "New Delhi"]
[Date "2019.10.17"]
[Round "4.9"]
[White "Tsolakidou, Stavroula"]
[Black "Cervantes Landeiro, Thalia"]
[Result "1-0"]
[ECO "D25"]
[WhiteElo "2431"]
[BlackElo "2176"]
[Annotator "NA RC"]
[PlyCount "108"]
[EventDate "2019.10.15"]
[EventType "swiss"]
[EventCountry "IND"]
[SourceTitle "playchess.com"]
[Source "ChessBase"]
[SourceQuality "1"]
[TimeControl "40/5400+30:1800+30"]

1. d4 d5 2. Nf3 Nf6 3. c4 dxc4 4. e3 a6 5. Bxc4 e6 6. O-O c5 7. Bd3 Nc6 8. Nc3 cxd4 9. exd4 Be7 10. Bg5 h6 11. Bf4 O-O $11 12. Rc1 Bd6 13. Qd2 Bxf4 14. Qxf4 Nb4 15. Be4 Bd7 16. Ne5 Nxe4 17. Qxe4 Bc6 18. Nxc6 Nxc6 19. Rfd1 Qg5 20. d5 exd5 21. Qxd5 Qxd5 22. Nxd5 Rfd8 23. Kf1 Kf8 24. Ne3 Rxd1+ 25. Rxd1 Rd8 26. Rxd8+ Nxd8 27. Ke2 Ke7 28. Kd3 Ne6 29. Ke4 Kd6 30. Nf5+ Kc5 31. Ke5 b5 32. h4 Kc4 33. Ke4 Nc5+ 34. Ke3 Kd5 35. Nxg7 Na4 36. Nf5 Nxb2 37. Kd2 Nc4+ 38. Kc3 h5 39. Ng3 Nd6 40. f3 a5 41. Nxh5 Nf5 42. Nf4+ Ke5 43. Nd3+ Kf6 44. h5 Nh4 45. Kd4 Nxg2 46. Kc5 Kg5 47. Kxb5 Kxh5 48. Kxa5 Kg5 49. Kb5 Kf5 50. a4 Ke6 51. Kc6 Nh4 52. a5 Nxf3 53. a6 Nd4+ 54. Kb6 Kd5 1-0

[Event "WJCC U20 Girls 2019"]
[Site "New Delhi"]
[Date "2019.10.17"]
[Round "4.10"]
[White "Avetisyan, Mariam"]
[Black "Narva, Mai"]
[Result "1/2-1/2"]
[ECO "A48"]
[WhiteElo "2110"]
[BlackElo "2378"]
[Annotator "NA"]
[PlyCount "124"]
[EventDate "2019.10.15"]
[EventType "swiss"]
[EventCountry "IND"]
[SourceTitle "playchess.com"]
[Source "ChessBase"]
[SourceQuality "1"]
[TimeControl "40/5400+30:1800+30"]

1. d4 Nf6 2. Nf3 g6 3. Bf4 Bg7 4. e3 O-O 5. Be2 c5 6. c3 b6 7. Nbd2 Bb7 8. O-O d6 9. h3 Nbd7 10. Qb1 Re8 11. Bh2 e5 12. dxe5 dxe5 13. Rd1 Qc7 14. Nc4 Bd5 15. a4 a6 16. Rd2 Rab8 17. Qd1 b5 18. axb5 axb5 19. Na3 Bc6 20. c4 b4 21. Nb5 Bxb5 22. cxb5 Re7 23. Qc2 Rc8 24. Rc1 Nb6 25. Bc4 Nxc4 26. Qxc4 Nd7 27. Rdc2 Qb7 28. Nd2 Rb8 29. Nb3 Qxb5 30. Qxb5 Rxb5 31. Nxc5 Nxc5 32. Rxc5 Rxc5 33. Rxc5 f6 34. g4 Bf8 35. Rb5 Re6 36. g5 Kf7 37. Bg3 Bd6 38. gxf6 Kxf6 39. f3 e4 40. Bxd6 Rxd6 41. Rxb4 Rd2 42. Rxe4 Rxb2 43. Rg4 Kf5 44. Rg2 Rb3 45. Re2 g5 46. Kf2 h5 47. h4 g4 48. Rd2 g3+ 49. Kxg3 Rxe3 50. Rd5+ Kg6 51. Rd6+ Kg7 52. Kf4 Ra3 53. Ke4 Ra1 54. f4 Rh1 55. Ke5 Rxh4 56. Rd7+ Kf8 57. f5 Ra4 58. Kf6 Ra6+ 59. Kg5 h4 60. Kxh4 Rb6 61. Kg5 Ra6 62. f6 Ra1 1/2-1/2

[Event "WJCC U20 Girls 2019"]
[Site "New Delhi"]
[Date "2019.10.17"]
[Round "4.12"]
[White "Berdnyk, Mariia"]
[Black "Kairbekova, Amina"]
[Result "1-0"]
[ECO "A38"]
[WhiteElo "2349"]
[BlackElo "2096"]
[Annotator "NA"]
[PlyCount "77"]
[EventDate "2019.10.15"]
[EventType "swiss"]
[EventCountry "IND"]
[SourceTitle "playchess.com"]
[Source "ChessBase"]
[SourceQuality "1"]
[TimeControl "40/5400+30:1800+30"]

1. c4 c5 2. Nf3 Nf6 3. Nc3 Nc6 4. g3 g6 5. Bg2 Bg7 6. d4 cxd4 7. Nxd4 O-O 8. O-O Qa5 9. e3 d6 10. Qe2 Bg4 11. f3 Bd7 12. Nb3 Qb6 13. Kh1 Rac8 14. e4 Ne5 15. Be3 Qa6 16. c5 Qxe2 17. Nxe2 Bb5 18. Rfe1 Nd3 19. Reb1 dxc5 20. Nc3 Ba6 21. e5 Nxe5 22. Nxc5 Nc4 23. Bg1 Nh5 24. Nd5 Rfe8 25. a4 Nxb2 26. Nb4 Bc4 27. Nxb7 Nd3 28. Ra3 Nxb4 29. Rxb4 a6 30. f4 e5 31. Nd6 Bf8 32. fxe5 Bxd6 33. exd6 a5 34. Rb7 Rcd8 35. Rc3 Rxd6 36. Rxc4 Re1 37. Bf3 Rf6 38. Rb3 Kg7 39. Kg2 1-0

[Event "WJCC U20 Girls 2019"]
[Site "New Delhi"]
[Date "2019.10.17"]
[Round "4.13"]
[White "Dwilewicz, Katarzyna"]
[Black "Dordzhieva, Dinara"]
[Result "1/2-1/2"]
[ECO "B84"]
[WhiteElo "2106"]
[BlackElo "2335"]
[Annotator "NA RC"]
[PlyCount "121"]
[EventDate "2019.10.15"]
[EventType "swiss"]
[EventCountry "IND"]
[SourceTitle "playchess.com"]
[Source "ChessBase"]
[SourceQuality "1"]
[TimeControl "40/5400+30:1800+30"]

1. e4 c5 2. Nf3 d6 3. d4 cxd4 4. Nxd4 Nf6 5. Nc3 a6 6. Be2 e6 7. O-O Be7 8. f4 Nc6 9. Be3 O-O 10. Qe1 Bd7 11. Qg3 Nxd4 12. Bxd4 Bc6 13. Rae1 b5 14. a3 Qc7 15. Bd3 Rad8 16. Kh1 Rd7 17. Nd5 exd5 18. exd5 Bxd5 19. Rxe7 Nh5 20. Qg5 Rxe7 21. Qxd5 g6 22. f5 Re5 23. Bxe5 dxe5 24. Re1 Re8 25. Qf3 Qd6 26. g3 Nf6 27. Be4 Rd8 28. Re2 Kg7 29. Kg2 Qc5 30. Bd3 Qd4 31. Qe3 Qxb2 32. Qxe5 Qxa3 33. fxg6 hxg6 34. g4 Qd6 35. g5 Qxe5 36. Rxe5 Nd5 37. Kf3 Nb4 38. Ke3 Nc6 39. Rc5 Rd6 40. h4 Kf8 41. Be4 Nd8 42. c4 Rb6 43. Rc8 Ke7 44. c5 Re6 45. c6 Nxc6 46. Rc7+ Kd6 47. Rxc6+ Kd7 48. Rxe6 Kxe6 49. Kd4 a5 50. Bd5+ Kf5 51. Bxf7 a4 52. Be8 a3 53. Bd7+ Kf4 54. Kc3 b4+ 55. Kb3 Ke5 56. Bg4 Kf4 57. Bd1 Kf5 58. Ka2 Kf4 59. Be2 Kf5 60. Kb3 Kf4 61. Bd1 1/2-1/2

[Event "WJCC U20 Girls 2019"]
[Site "New Delhi"]
[Date "2019.10.17"]
[Round "4.14"]
[White "Nastase, Andreea-Cristina"]
[Black "Yakubbaeva, Nilufar"]
[Result "0-1"]
[ECO "E40"]
[WhiteElo "2077"]
[BlackElo "2281"]
[Annotator "NA"]
[PlyCount "73"]
[EventDate "2019.10.15"]
[EventType "swiss"]
[EventCountry "IND"]
[SourceTitle "playchess.com"]
[Source "ChessBase"]
[SourceQuality "1"]
[TimeControl "40/5400+30:1800+30"]

1. d4 Nf6 2. c4 e6 3. Nc3 Bb4 4. e3 d5 5. Nf3 O-O 6. Bd3 Nbd7 7. O-O dxc4 8. Bxc4 Qe7 9. a3 Bxc3 10. bxc3 e5 11. a4 e4 12. Ba3 c5 13. Ng5 h6 14. Nxf7 Rxf7 15. dxc5 Ne5 16. c6 Qe8 17. Bxf7+ Qxf7 18. Qd8+ Kh7 19. c7 Qh5 20. Rfd1 Nfg4 21. h4 Nf6 22. Be7 Neg4 23. Bxf6 Nxf6 24. Qf8 Qxh4 25. Rd8 Qg4 26. Rad1 Be6 27. R1d2 Rc8 28. Rxc8 Bxc8 29. Qd6 Kg6 30. Qg3 Qxg3 31. fxg3 Nd7 32. Rd4 Kf5 33. Rd6 a5 34. c4 Ke5 35. Rg6 Nc5 36. g4 Ne6 37. Kf2 0-1

[Event "WJCC U20 Girls 2019"]
[Site "New Delhi"]
[Date "2019.10.17"]
[Round "4.15"]
[White "Gomez Barrera, Javiera Belen"]
[Black "Diakonova, Ekaterina"]
[Result "0-1"]
[ECO "B12"]
[WhiteElo "2033"]
[BlackElo "2231"]
[Annotator "NA"]
[PlyCount "90"]
[EventDate "2019.10.15"]
[EventType "swiss"]
[EventCountry "IND"]
[SourceTitle "playchess.com"]
[Source "ChessBase"]
[SourceQuality "1"]
[TimeControl "40/5400+30:1800+30"]

1. e4 c6 2. d4 d5 3. e5 Bf5 4. h4 h5 5. Bd3 Bxd3 6. Qxd3 Qa5+ 7. Nd2 e6 8. Ngf3 Ne7 9. c4 dxc4 10. Qxc4 Nd7 11. O-O Nf5 12. Ne4 Be7 13. Bg5 Qd5 14. Qd3 Bxg5 15. Nexg5 Nb6 16. Rfd1 Qd7 17. Ne4 Qe7 18. g3 O-O-O 19. Rab1 Rd5 20. Nc3 Rd7 21. Qe4 Rhd8 22. b4 Kb8 23. a4 Nd5 24. Na2 a5 25. bxa5 Qa3 26. Qe2 Qxa4 27. Qb2 Qxa5 28. Nd2 b5 29. Nb3 Qb6 30. Nc5 Ra7 31. Ra1 Kc7 32. Nb4 Rxa1 33. Nxd5+ Rxd5 34. Qxa1 Nxd4 35. Rxd4 Qxc5 36. Rxd5 exd5 37. Qd1 g6 38. Qf3 Qe7 39. Qe3 c5 40. Qa3 Kb7 41. Qa5 Qd7 42. Kf1 d4 43. Ke1 Qc6 44. Kd2 Qb6 45. Qa2 c4 0-1

[Event "WJCC U20 Girls 2019"]
[Site "New Delhi"]
[Date "2019.10.17"]
[Round "4.16"]
[White "Eesha Ajay Sarda"]
[Black "Olde, Margareth"]
[Result "0-1"]
[ECO "B47"]
[WhiteElo "1744"]
[BlackElo "2205"]
[Annotator "NA"]
[PlyCount "106"]
[EventDate "2019.10.15"]
[EventType "swiss"]
[EventCountry "IND"]
[SourceTitle "playchess.com"]
[Source "ChessBase"]
[SourceQuality "1"]
[TimeControl "40/5400+30:1800+30"]

1. e4 c5 2. Nf3 Nc6 3. d4 cxd4 4. Nxd4 e6 5. Nc3 Qc7 6. f4 a6 7. Nxc6 Qxc6 8. Be2 Bc5 9. Qd3 Ne7 10. Be3 Bxe3 11. Qxe3 O-O 12. O-O d5 13. Bf3 dxe4 14. Bxe4 Qc7 15. Rad1 Nf5 16. Qf2 Nd6 17. Bd3 b5 18. Ne4 Nxe4 19. Bxe4 Rb8 20. Rd3 b4 21. Rd4 Bb7 22. Bxb7 Rxb7 23. Rfd1 g6 24. Qd2 Qc5 25. Kh1 a5 26. Rc1 a4 27. c3 bxc3 28. Rxc3 Qb5 29. h3 Qxb2 30. Qxb2 Rxb2 31. Rxa4 Rd8 32. Rg3 Rd1+ 33. Kh2 Rdd2 34. a3 Ra2 35. Rc4 Kg7 36. Rcc3 h5 37. h4 Rd4 38. Rgf3 e5 39. fxe5 Rxh4+ 40. Rh3 Rxh3+ 41. Kxh3 Re2 42. Rc5 Re3+ 43. g3 Rxa3 44. Kg2 Kf8 45. Kf2 Ke7 46. Rc4 Ke6 47. Rf4 Ra7 48. Ke3 Kxe5 49. Re4+ Kf5 50. Rf4+ Kg5 51. Kf3 f5 52. Kg2 Re7 53. Kf3 Re4 0-1

[Event "WJCC U20 Girls 2019"]
[Site "New Delhi"]
[Date "2019.10.17"]
[Round "4.17"]
[White "Zhu, Jiner"]
[Black "Vlkova, Anezka"]
[Result "1-0"]
[ECO "A06"]
[WhiteElo "2507"]
[BlackElo "1972"]
[Annotator "RC"]
[PlyCount "59"]
[EventDate "2019.10.15"]
[EventType "swiss"]
[EventCountry "IND"]
[SourceTitle "playchess.com"]
[Source "ChessBase"]
[SourceQuality "1"]
[TimeControl "40/5400+30:1800+30"]

1. Nf3 d5 2. b3 c5 3. Bb2 Nc6 4. e3 Bg4 5. Be2 Nf6 6. O-O Qc7 7. c4 dxc4 8. bxc4 e6 9. h3 Bh5 10. d4 Be7 11. d5 Rd8 12. Nc3 O-O 13. a3 a6 14. Re1 exd5 15. cxd5 b5 16. e4 b4 17. axb4 cxb4 18. Na4 Bxf3 19. Bxf3 Ne5 20. Bd4 Rb8 21. Be2 Ng6 22. Bxa6 Qf4 23. g3 Qg5 24. Bf1 Bd6 25. Bg2 Nd7 26. h4 Qd8 27. h5 Nge5 28. f4 Nc4 29. e5 Bc7 30. e6 1-0

[Event "WJCC U20 Girls 2019"]
[Site "New Delhi"]
[Date "2019.10.17"]
[Round "4.18"]
[White "Salimova, Nurgyul"]
[Black "Nomindalai Tumurbaatar"]
[Result "1/2-1/2"]
[ECO "C41"]
[WhiteElo "2415"]
[BlackElo "2061"]
[Annotator "NA"]
[PlyCount "119"]
[EventDate "2019.10.15"]
[EventType "swiss"]
[EventCountry "IND"]
[SourceTitle "playchess.com"]
[Source "ChessBase"]
[SourceQuality "1"]
[TimeControl "40/5400+30:1800+30"]

1. e4 d6 2. d4 Nf6 3. Nc3 e5 4. Nf3 Nbd7 5. g4 h6 6. Rg1 c6 7. h4 g6 (7... Qa5 $11) 8. Be3 Qa5 $14 9. Nd2 b5 10. a3 a6 11. Be2 Bg7 12. f4 h5 13. g5 Ng4 14. Bxg4 hxg4 15. dxe5 dxe5 16. f5 Rxh4 17. fxg6 fxg6 18. Qe2 Nf8 19. Qf2 g3 20. Rxg3 Qc7 21. O-O-O Be6 22. Bb6 Qf7 23. Nf3 Rh8 24. Kb1 Rc8 25. Ba5 Qf4 26. Ne2 Qxe4 27. Nd2 Qd5 28. Nc3 Qd4 29. Qe1 Bg4 30. Rd3 Qf4 31. Nde4 Ra8 32. Nd6+ Ke7 33. Rd4 Qf3 34. Bb4 Rh1 35. Qxh1 Qxh1 36. Rxh1 exd4 37. Nce4 a5 38. Nf5+ Kd8 39. Bxf8 Bxf8 40. Nxd4 Kc7 41. Nf6 Bc8 42. Rh8 Bc5 43. Ne6+ Bxe6 44. Rxa8 Bc8 45. b4 Be3 46. a4 axb4 47. axb5 Bf5 48. bxc6 Kxc6 49. Kb2 Bxg5 50. Rf8 Bh6 51. Rf7 Bd2 52. Nh7 Bc3+ 53. Kc1 Be6 54. Rf1 Bg7 55. Ng5 Bh6 56. Rg1 Bf5 57. Kb2 Kb5 58. Kb3 Kc5 59. c3 bxc3 60. Kxc3 1/2-1/2

[Event "WJCC U20 Girls 2019"]
[Site "New Delhi"]
[Date "2019.10.17"]
[Round "4.19"]
[White "Ferkova, Dominika"]
[Black "Song, Yuxin"]
[Result "0-1"]
[ECO "E54"]
[WhiteElo "2096"]
[BlackElo "2292"]
[Annotator "NA"]
[PlyCount "76"]
[EventDate "2019.10.15"]
[EventType "swiss"]
[EventCountry "IND"]
[SourceTitle "playchess.com"]
[Source "ChessBase"]
[SourceQuality "1"]
[TimeControl "40/5400+30:1800+30"]

1. d4 Nf6 2. c4 e6 3. Nc3 Bb4 4. e3 O-O 5. Bd3 d5 6. Nf3 c5 7. O-O dxc4 8. Bxc4 Nc6 9. a3 Ba5 10. Ne2 cxd4 11. exd4 h6 12. b4 Bc7 13. Qb3 b6 14. Re1 Bb7 15. Bb2 Ne7 16. Ne5 Ned5 17. Ng3 Bd6 18. Rac1 Rc8 19. Bb5 a6 20. Rxc8 Qxc8 21. Rc1 Qa8 22. Bc6 Ne7 23. Bxb7 Qxb7 24. a4 b5 25. a5 Qd5 26. Qa3 Rc8 27. Rxc8+ Nxc8 28. Nd3 Bxg3 29. hxg3 Nd6 30. Nc5 Nc4 31. Qc3 Qh5 32. f3 Nd5 33. Qb3 Qg6 34. Ne4 f5 35. Nf2 Qxg3 36. Bc1 h5 37. Nd3 h4 38. Nf2 h3 0-1

[Event "WJCC U20 Girls 2019"]
[Site "New Delhi"]
[Date "2019.10.17"]
[Round "4.20"]
[White "Li, Yunshan"]
[Black "Zhang, Xiao"]
[Result "1/2-1/2"]
[ECO "D20"]
[WhiteElo "2289"]
[BlackElo "2053"]
[Annotator "NA"]
[PlyCount "79"]
[EventDate "2019.10.15"]
[EventType "swiss"]
[EventCountry "IND"]
[SourceTitle "playchess.com"]
[Source "ChessBase"]
[SourceQuality "1"]
[TimeControl "40/5400+30:1800+30"]

1. d4 d5 2. c4 dxc4 3. e4 e5 4. Nf3 exd4 5. Bxc4 Bb4+ 6. Bd2 Bxd2+ 7. Nbxd2 Nc6 8. Nb3 Nf6 9. e5 Nd5 10. Nbxd4 Nxd4 11. Qxd4 Be6 12. O-O O-O 13. Qe4 c6 14. Rfd1 Qe7 15. Nd4 Rad8 16. Nxe6 fxe6 17. Bd3 g6 18. g3 Qc5 19. Qe2 Rd7 20. Rac1 Qb6 21. h4 Rdf7 22. Rf1 Rf3 23. Kg2 Qd4 24. Be4 Rxg3+ 25. fxg3 Ne3+ 26. Kh2 Nxf1+ 27. Rxf1 Rxf1 28. Qxf1 Qxe4 29. Qf6 Qf5 30. Qd8+ Kg7 31. Qe7+ Kh6 32. Qxb7 Qxe5 33. Qxa7 Qxb2+ 34. Kh3 Qc1 35. Qf7 Qh1+ 36. Kg4 Qd1+ 37. Qf3 Qd8 38. Qxc6 Qd4+ 39. Kh3 Qf6 40. Qc7 1/2-1/2

[Event "WJCC U20 Girls 2019"]
[Site "New Delhi"]
[Date "2019.10.17"]
[Round "4.21"]
[White "Obregon Garcia, Roxangel"]
[Black "Chandreyee, Hajra"]
[Result "1-0"]
[ECO "B12"]
[WhiteElo "2267"]
[BlackElo "2024"]
[Annotator "NA"]
[PlyCount "71"]
[EventDate "2019.10.15"]
[EventType "swiss"]
[EventCountry "IND"]
[SourceTitle "playchess.com"]
[Source "ChessBase"]
[SourceQuality "1"]
[TimeControl "40/5400+30:1800+30"]

1. e4 c6 2. d4 d5 3. e5 Bf5 4. Nf3 e6 5. Be2 Ne7 6. O-O Nd7 7. Nbd2 Ng6 8. Nb3 Be7 9. c3 O-O 10. Ne1 Nh8 11. Bd3 Bxd3 12. Nxd3 f6 13. Nf4 Qc8 14. Nxe6 Re8 15. exf6 Nxf6 16. Nec5 Bd6 17. Nd3 Qf5 18. f4 Nf7 19. Ne5 Nh6 20. h3 Ne4 21. Qf3 Qe6 22. Nd2 Bxe5 23. dxe5 Nf5 24. g4 Nfg3 25. Nxe4 Nxe4 26. Be3 Rf8 27. Rae1 g5 28. f5 Qxe5 29. Bxg5 Qc7 30. Be3 Rae8 31. Kg2 c5 32. c4 Qa5 33. Re2 Qxa2 34. Bh6 Rf6 35. g5 Rb6 36. f6 1-0

[Event "WJCC U20 Girls 2019"]
[Site "New Delhi"]
[Date "2019.10.17"]
[Round "4.22"]
[White "Kiolbasa, Oliwia"]
[Black "Pandey Srishti"]
[Result "1/2-1/2"]
[ECO "B06"]
[WhiteElo "2223"]
[BlackElo "1963"]
[Annotator "NA"]
[PlyCount "75"]
[EventDate "2019.10.15"]
[EventType "swiss"]
[EventCountry "IND"]
[SourceTitle "playchess.com"]
[Source "ChessBase"]
[SourceQuality "1"]
[TimeControl "40/5400+30:1800+30"]

1. e4 g6 2. d4 Bg7 3. Nc3 d6 4. Be3 Nd7 5. Qd2 a6 6. O-O-O b5 7. h4 Bb7 8. f3 e5 9. h5 exd4 10. Bxd4 Bxd4 11. Qxd4 Qf6 12. hxg6 fxg6 13. Qd2 Ne7 14. Nh3 Nb6 15. Nf4 O-O 16. g3 b4 17. Ncd5 Bxd5 18. Nxd5 Nexd5 19. exd5 a5 20. Bh3 Kg7 21. Bg2 h5 22. Qd4 Rae8 23. Qxf6+ Rxf6 24. f4 Re2 25. Bf3 Rf2 26. Rd3 Rf7 27. Bd1 Re7 28. a3 Re4 29. axb4 axb4 30. b3 Nd7 31. Rg1 Kf6 32. Bf3 Re8 33. Bd1 Nc5 34. Rd2 Rxd2 35. Kxd2 Ra8 36. Ke3 Re8+ 37. Kd2 Ra8 38. Ke3 1/2-1/2